 Dungeon Crawl Stone Soup version 0.30-a0-359-gd0147acb1a (webtiles) character file.

Game seed: 1898707031229554898

1000 LnG the Covert (level 8, -10/44 HPs)
             Began as a Kobold Summoner on Nov 11, 2022.
             Mangled by a gnoll sergeant
             ... wielding a +6 spear of venom
              (16 damage)
             ... on level 6 of the Dungeon.
             The game lasted 00:12:13 (5168 turns).

LnG the Covert (Kobold Summoner)                    Turns: 5168, Time: 00:12:13

Health: -10/44     AC:  3    Str:  5    XL:     8   Next: 43%
Magic:  6/13       EV: 16    Int: 19    God:
Gold:   1339       SH:  0    Dex: 15    Spells: 5/14 levels left

rFire   . . .      SeeInvis .    i - +2 dagger (venom)
rCold   + . .      Faith    .    (no shield)
rNeg    . . .      Spirit   .    a - +0 robe
rPois   .          Reflect  .    n - +0 helmet
rElec   .          Harm     .    (no cloak)
rCorr   .          Rampage  .    (no gloves)
Will    .....                    (no boots)
Stlth   +++++.....               z - amulet of regeneration
HPRegen 1.07/turn                p - ring of protection from cold
MPRegen 0.13/turn                (no ring)

@: lethally poisoned (-10 -> -17)
A: small, no large weapons, nightstalker 3
a: no special abilities


You were on level 6 of the Dungeon.
You visited 1 branch of the dungeon, and saw 6 of its levels.

You collected 1339 gold pieces.

Inventory:

Hand Weapons
 c - a +0 dagger
 i - a +2 dagger of venom (weapon)
 t - a +2 dagger of distortion
 v - the +4 falchion "Kablecet" {drain, rElec rPois rN+}
   (You found it on level 5 of the Dungeon)

   A truly terrible weapon, it drains the life of any living foe it strikes.
   rElec:     It insulates you from electricity.
   rPois:     It protects you from poison.
   rN:        It protects you from negative energy.
Missiles
 x - a throwing net
Armour
 a - a +0 robe (worn)
 n - a +0 helmet (worn)
Jewellery
 m - a ring of ice
 p - a ring of protection from cold (left hand)
 z - an amulet of regeneration (around neck)
Wands
 y - a wand of polymorph (4)
Scrolls
 k - 4 scrolls of teleportation
 l - a scroll of acquirement
 o - a scroll of noise
 q - 2 scrolls of blinking
 r - a scroll of fog {unknown}
 s - a scroll of immolation {unknown}
Potions
 b - 2 potions of magic
 d - 4 potions of degeneration
 e - a potion of attraction
 f - a potion of ambrosia {unknown}
 g - 4 potions of haste {unknown}
 h - a potion of might {unknown}
 j - 2 potions of resistance {unknown}
 u - 2 potions of flight {unknown}
 w - a potion of curing {unknown}


   Skills:
 + Level 2.0 Fighting
 + Level 3.1 Short Blades
 * Level 5.0 Dodging
 * Level 9.4 Stealth
 + Level 3.7 Spellcasting
 + Level 5.0 Summonings


You had 5 spell levels left.
You knew the following spells:

 Your Spells              Type           Power      Damage    Failure   Level
a - Summon Small Mammal   Summ           88%        N/A       1%          1
b - Call Imp              Summ           22%        N/A       2%          2
c - Call Canine Familiar  Summ           22%        N/A       5%          3
d - Summon Guardian Gole  Hex/Summ       13%        N/A       16%         3

Your spell library contained the following spells:

 Spells                   Type           Power      Damage    Failure   Level
 Slow                     Hex            12%        N/A       14%         1
 Confusing Touch          Hex            3%         N/A       38%         3
 Vampiric Draining        Necr           3%         2d6       38%         3
 Summon Lightning Spire   Summ/Air       13%        N/A       45%         4


Dungeon Overview and Level Annotations

Branches:
Dungeon (6/15)
 Temple: D:4-7

Altars:
Fedhas

Annotations:
D:3 2 runed translucent doors


Innate Abilities, Weirdness & Mutations

You are small and have problems with some larger weapons.
You are completely attuned to the shadows.


Message History

Confirm with . or Enter, or press ? or * to list all spells.
Your hound bites the gnoll.
Your hound misses the gnoll.
Casting: Call Canine Familiar (dangerous; 5% risk of failure)
Confirm with . or Enter, or press ? or * to list all spells.
A beastly little devil appears in a puff of flame.
Your hound closely misses the gnoll sergeant.
Your crimson imp hits the gnoll.
The gnoll attacks as you move away! The gnoll misses you.
You hit the gnoll.
The gnoll is poisoned.
The gnoll is moderately wounded.
Your hound bites the gnoll sergeant.
The gnoll barely misses you. The gnoll closely misses you.
The gnoll sergeant barely misses you. The gnoll barely misses you.
You hit the gnoll.
The gnoll looks as sick as possible!
You punch the gnoll.
The gnoll is heavily wounded.
Your hound barely misses the gnoll sergeant.
Your crimson imp hits the gnoll but does no damage.
The gnoll hits you with a +0 club. The gnoll barely misses you.
The gnoll sergeant hits you from afar with a +6 spear of venom.
You are poisoned.
The gnoll misses you.
Your hound bites the gnoll sergeant.
You hit the gnoll.
You kill the gnoll!
You feel very sick.
Your crimson imp closely misses the gnoll.
The gnoll hits you from afar with a +0 halberd!
The gnoll sergeant hits you from afar with a +6 spear of venom.
You are more poisoned.
Your hound bites the gnoll sergeant but does no damage.
The gnoll barely misses you.
Casting: Call Imp (safe; 2% risk of failure)
Confirm with . or Enter, or press ? or * to list all spells.
A guardian golem appears, shielding your allies.
You feel very sick.
Your hound bites the gnoll sergeant but does no damage.
Your crimson imp closely misses the gnoll.
The gnoll hits you from afar with a +0 halberd!
* * * LOW HITPOINT WARNING * * *
The gnoll sergeant hits you from afar with a +6 spear of venom!
You die...

#.......# #.......#
#.......# #.......#
.!#####.......########
.........>...........#
..............######.#######
.........g##########.##.....
........hg)@9.#.......#.####
........5g###.#.#######.#
................#<#.....#
..........#.....#.#.#####
..........#.....#.#.#
........#.#.#.#.#.######
.......#.#.#.#.#......#
......#.#.#.#.######.#
#####.#.#.#.#..... #.#


You could see a gnoll sergeant (ally target), 2 gnolls, a friendly guardian
golem (summoned), a friendly hound (summoned, sheltered) and a friendly crimson
imp (summoned, sheltered).

Vanquished Creatures
  A sky beast (D:6)
  2 ogres (D:5)
  3 scorpions
  2 orc priests (D:5)
  A hound (D:5)
  3 iguanas
  2 orc wizards (D:5)
  2 gnolls
  6 adders
  2 dart slugs (D:5)
  16 orcs
  10 endoplasms
  4 giant cockroaches
  7 goblins
  7 hobgoblins
  3 quokkas
  7 ball pythons
  2 bats
  2 frilled lizards
  6 kobolds
  4 rats
92 creatures vanquished.

Vanquished Creatures (collateral kills)
  A necrophage (D:3)
  An iguana (D:5)
  2 orc wizards
  2 adders (D:3)
  A worm (D:3)
  A dart slug (D:3)
  6 orcs
  A goblin (D:1)
  2 hobgoblins
  A kobold (D:1)
  2 quokkas
  A ball python (D:3)
  A rat (D:1)
22 creatures vanquished.

Grand Total: 114 creatures vanquished

Notes
Turn   | Place    | Note
-------+----------+-------------------------------------------
     0 | D:1      | LnG the Kobold Summoner began the quest for the Orb.
     0 | D:1      | Reached XP level 1. HP: 10/10 MP: 3/3
   135 | D:1      | Reached XP level 2. HP: 15/15 MP: 5/5
   145 | D:1      | Learned a level 2 spell: Call Imp
   227 | D:1      | Reached skill level 3 in Stealth
   420 | D:1      | Reached XP level 3. HP: 19/19 MP: 6/6
   424 | D:1      | Learned a level 3 spell: Call Canine Familiar
  1035 | D:2      | Reached skill level 1 in Fighting
  1141 | D:2      | Identified a scroll of acquirement
  1541 | D:3      | Reached skill level 4 in Stealth
  1541 | D:3      | Reached XP level 4. HP: 25/25 MP: 7/7
  1692 | D:3      | Found a faded altar of an unknown god.
  1761 | D:3      | Reached skill level 1 in Short Blades
  1944 | D:3      | Found a large runed translucent door.
  1945 | D:3      | Found a large runed translucent door.
  2198 | D:3      | Reached XP level 5. HP: 29/29 MP: 8/8
  2376 | D:3      | Reached skill level 5 in Stealth
  2412 | D:3      | Reached XP level 6. HP: 14/32 MP: 1/10
  2487 | D:3      | Learned a level 3 spell: Summon Guardian Golem
  2688 | D:4      | Found a blossoming altar of Fedhas.
  3465 | D:4      | Reached skill level 6 in Stealth
  3942 | D:5      | Entered Level 5 of the Dungeon
  3977 | D:5      | Reached XP level 7. HP: 21/39 MP: 7/11
  4100 | D:5      | Identified the +4 falchion "Kablecet" {drain, rElec rPois
                  | rN+}
  4232 | D:5      | Reached skill level 7 in Stealth
  4498 | D:5      | Reached skill level 5 in Summonings
  4543 | D:5      | Reached skill level 8 in Stealth
  4543 | D:5      | Reached XP level 8. HP: 27/44 MP: 9/13
  4923 | D:5      | Acquired 1011 gold pieces
  4948 | D:6      | Reached skill level 5 in Dodging
  4948 | D:6      | Reached skill level 9 in Stealth
  5168 | D:6      | Mangled by a gnoll sergeant

Illustrated notes

Levels and vault maps discovered:
D:1:      giann_bridges, layout_rooms, kennysheep_nondescript,
          minmay_pentomino_r2
D:2:      layout_loops_cross
D:3:      layout_basic, hellmonk_ecumenical_altar_arch_garden,
          ebering_ghost_disaster_area
D:4:      kennysheep_big_flooded_room, layout_basic, overflow_temple_1_default,
          kennysheep_potato
D:5:      layout_rooms, minmay_puff
D:6:      layout_basic, uniq_maggie, uniq_crazy_yiuf_cottage

Skill      XL: |  1  2  3  4  5  6  7  8 |
---------------+-------------------------+-----
Stealth        | 3 4 5 6 8 9 |  9.4
Fighting       | 1 2 |  2.0
Short Blades   | 1 2 3 |  3.1
Dodging        | 3 4 5 |  5.0
Spellcasting   | 3 |  3.7
Summonings     | 5 |  5.0

Action                   |  1- 3 |  4- 6 |  7- 9 || total
-------------------------+-------+-------+-------++-------
Melee: Unarmed           |     8 |       |       ||     8
       Dagger            |    91 |   128 |    51 ||   270
       Punch             |     1 |       |     2 ||     3
 Cast: Summon Small Mamm |     4 |     2 |     2 ||     8
       Call Imp          |     3 |     4 |     3 ||    10
       Call Canine Famil |     1 |     7 |     6 ||    14
       Summon Guardian G |       |       |     1 ||     1
  Use: Scroll            |     3 |     1 |     3 ||     7
 Stab: Sleeping          |    20 |    17 |    15 ||    52
       Distracted        |     1 |     1 |       ||     2
Armor: Robe              |     6 |    10 |     6 ||    22
Dodge: Dodged            |    57 |    84 |    30 ||   171

Table legend: (Time is in decaauts)
 A = Elapsed time spent in this place.
 B = Non-inter-level travel time spent in this place.
 C = Inter-level travel time spent in this place.
 D = Time resting spent in this place.
 E = Time spent auto-exploring this place.
 F = Levels seen in this place.
 G = Mean time per level.
                   A        B        C        D        E       F      G
               +--------+--------+--------+--------+--------+-----+--------+
         Total |   5148 |   4954 |    194 |    440 |   3431 |   6 |  858.0 |
       Dungeon |   5148 |   4954 |    194 |    440 |   3431 |   6 |  858.0 |
               +--------+--------+--------+--------+--------+-----+--------+

Top non-repeatable levels by time:
     D:4: 1451 daAuts
     D:5: 990 daAuts
     D:3: 989 daAuts
     D:2: 822 daAuts
     D:1: 668 daAuts
     D:6: 227 daAuts
